 Dungeon Crawl Stone Soup version 0.30-a0-626-gd6a5dd7a1f (webtiles) character file.

Game seed: 16360551621948264271

257 bande the Chopper (level 6, -2/38 HPs)
             Began as a Gargoyle Fighter on Jan 12, 2023.
             Was an Initiate of Okawaru.
             Slain by a black bear (6 damage)
             ... on level 5 of the Dungeon.
             The game lasted 00:03:07 (2862 turns).

bande the Chopper (Gargoyle Fighter)                Turns: 2862, Time: 00:03:07

Health: -2/38      AC: 11    Str: 20    XL:     6   Next: 16%
Magic:  6/6        EV:  9    Int:  8    God:    Okawaru [......]
Gold:   189        SH:  9    Dex: 11    Spells: 5/5 levels left

rFire   . . .      SeeInvis .    a - +0 war axe
rCold   . . .      Faith    .    c - +0 buckler
rNeg    + . .      Spirit   .    b - +0 scale mail
rPois   ∞          Reflect  +    (no helmet)
rElec   +          Harm     .    (no cloak)
rCorr   +          Rampage  .    (no gloves)
Will    .....                    (no boots) Stlth
                                 m - amulet of reflection
HPRegen 0.26/turn                o - ring of resist corrosion
MPRegen 0.10/turn                (no ring)

@: no status effects
A: sickness immunity, AC +4, negative energy resistance 1, electricity
resistance, torment resistance 1, petrification resistance
a: Renounce Religion


You were on level 5 of the Dungeon.
You worshipped Okawaru.
Okawaru was noncommittal.
You visited 2 branches of the dungeon, and saw 6 of its levels.

You collected 189 gold pieces.

Inventory:

Hand Weapons
 a - a +0 war axe (weapon)
Armour
 b - a +0 scale mail (worn)
 c - a +0 buckler (worn)
Jewellery
 d - a ring of ice
 m - an amulet of reflection (around neck)
 o - a ring of resist corrosion (left hand)
Wands
 r - a wand of charming (9)
Scrolls
 f - 2 scrolls of enchant weapon {unknown}
 g - 2 scrolls of poison {unknown}
 k - a scroll of vulnerability {unknown}
 l - a scroll of amnesia {unknown}
 n - a scroll of noise {unknown}
 q - 3 scrolls of identify {unknown}
 w - a scroll of torment {unknown}
 x - a scroll of fog {unknown}
Potions
 e - a potion of degeneration {unknown}
 h - a potion of flight {unknown}
 i - a potion of lignification {unknown}
 j - a potion of haste
 p - 4 potions of curing
 s - a potion of invisibility {unknown}
 t - a potion of might
 u - 2 potions of heal wounds {unknown}
 v - 2 potions of mutation {unknown}


   Skills:
 + Level 4.2 Fighting
 + Level 4.3 Axes
 + Level 4.1 Armour
 - Level 0.3 Stealth
 + Level 4.0 Shields


You had 5 spell levels left.
You didn't know any spells.
Your spell library was empty.

Dungeon Overview and Level Annotations

Branches:
Dungeon (5/15)             Temple (1/1) D:4

Altars:
Ashenzari
Cheibriados
Dithmenos
Elyvilon
Fedhas
Gozag
Hepliaklqana
Okawaru
Trog
Uskayaw
Wu Jian
Xom
Zin
The Shining One


Innate Abilities, Weirdness & Mutations

You are immune to sickness and miasma.
Your stone body is resilient. (AC +4)
You are immune to poison.
You resist negative energy. (rN+)
You are resistant to electric shocks. (rElec)
You are resistant to unholy torment.
You are immune to petrification.


Message History

You hit the black bear.
The black bear is almost dead.
The black bear bites you but does no damage.
The black bear claws you but does no damage. x2
You block the black bear's attack. x2
The black bear claws you but does no damage.
You hit the black bear but do no damage.
The black bear is almost dead.
You block the black bear's attack.
The black bear claws you but does no damage. x2
The black bear bites you but does no damage.
The black bear claws you but does no damage. x2
You barely miss the black bear.
The black bear is almost dead.
The black bear bites you. You block the black bear's attack.
The black bear claws you but does no damage.
The black bear bites you!
The black bear claws you but does no damage. x2
The black bear bites you!
* * * LOW HITPOINT WARNING * * *
You block the black bear's attack. The black bear closely misses you.
You are too injured to fight recklessly!
You are too injured to fight recklessly!
You are too injured to fight recklessly!
You are too injured to fight recklessly!
You hit the black bear.
The black bear is almost dead.
The black bear bites you but does no damage.
The black bear claws you.
* * * LOW HITPOINT WARNING * * *
You block the black bear's attack.
The black bear bites you but does no damage.
The black bear barely misses you. The black bear claws you.
* * * LOW HITPOINT WARNING * * *
You hit the black bear but do no damage.
The black bear is almost dead.
You block the black bear's attack. x2
The black bear claws you but does no damage.
The black bear bites you.
You die...

##.########.# ### #.#
#.# #.# #.# #.# .# #.#
#.# #.# #.# #.# #.####
# #.# #....#
#.#.###### #.# ####.#
#........### #.#
#.######...h@....# #.#
#..............#.###.#
#.######..####.......#
#.# #......##.#####
#####.# # ####. #.#
...<..######.# #. #.#
#####......... #. #.#
########.. .. ..# ###


You could see a black bear (berserk).

Vanquished Creatures
  Sigmund (D:2)
  2 adders
  A worm (D:3)
  2 dart slugs (D:1)
  An orc (D:3)
  4 ball pythons
  8 bats
  6 endoplasms
  3 giant cockroaches
  5 goblins
  5 hobgoblins
  8 jackals
  4 kobolds
  2 quokkas
  4 frilled lizards
  5 rats
61 creatures vanquished.

Notes
Turn   | Place    | Note
-------+----------+-------------------------------------------
     0 | D:1      | bande the Gargoyle Fighter began the quest for the Orb.
     0 | D:1      | Reached XP level 1. HP: 14/14 MP: 1/1
    86 | D:1      | Reached XP level 2. HP: 16/19 MP: 2/2
   416 | D:1      | Reached XP level 3. HP: 23/23 MP: 3/3
  1015 | D:2      | Noticed Sigmund
  1032 | D:2      | Killed Sigmund
  1033 | D:2      | Reached XP level 4. HP: 5/29 MP: 4/4
  1033 | D:2      | Reached XP level 5. HP: 6/33 MP: 5/5
  1682 | D:3      | Reached XP level 6. HP: 37/38 MP: 6/6
  2062 | D:4      | Found a staircase to the Ecumenical Temple.
  2174 | Temple   | Entered the Ecumenical Temple
  2237 | Temple   | Became a worshipper of Warmaster Okawaru
  2752 | D:5      | Entered Level 5 of the Dungeon
  2788 | D:5      | Found a snail-covered altar of Cheibriados.
  2848 | D:5      | Noticed a black bear
  2862 | D:5      | Slain by a black bear

Illustrated notes

Levels and vault maps discovered:
D:1:      ncdulo_halloftheorcs, layout_basic
D:2:      layout_basic, minmay_misc_feat_tiny, chequers_serial_rivers_micro_d,
          minmay_misc_feat_room, uniq_sigmund
D:3:      layout_rooms
D:4:      layout_loops_ring, minmay_temple_entry_drinking_statues
D:5:      layout_loops_ring, bloody_makhleb, lemuel_round_altar,
          cheibriados_altar_1, hangedman_glass_teeth, wad_floor_pattern_2,
          serial_park_tiny_1, hangedman_decor_clover_reticule,
          serial_park_tiny_pond
Temple:   nicolae_temple_god_jail

Skill      XL: |  1  2  3  4  5 |
---------------+----------------+-----
Axes           | 2 4 |  4.3
Fighting       | 4 |  4.2
Armour         | 4 |  4.1
Shields        | 4 |  4.0
Stealth        | |  0.3

Action                   |  1- 3 |  4- 6 || total
-------------------------+-------+-------++-------
Melee: War axe           |    86 |    77 ||   163
  Use: Potion            |     3 |       ||     3
Armor: Scale mail        |    58 |    53 ||   111
Dodge: Dodged            |    44 |    51 ||    95
Block: Buckler           |    17 |    41 ||    58

Table legend: (Time is in decaauts)
 A = Elapsed time spent in this place.
 B = Non-inter-level travel time spent in this place.
 C = Inter-level travel time spent in this place.
 D = Time resting spent in this place.
 E = Time spent auto-exploring this place.
 F = Levels seen in this place.
 G = Mean time per level.
                   A        B        C        D        E       F      G
               +--------+--------+--------+--------+--------+-----+--------+
         Total |   2903 |   2842 |     61 |    105 |   2196 |   6 |  483.8 |
       Dungeon |   2793 |   2732 |     61 |    105 |   2151 |   5 |  558.6 |
        Temple |    110 |    110 |      0 |      0 |     45 |   1 |  110.0 |
               +--------+--------+--------+--------+--------+-----+--------+

Top non-repeatable levels by time:
     D:2: 805 daAuts
     D:1: 784 daAuts
     D:4: 591 daAuts
     D:3: 499 daAuts
     D:5: 112 daAuts
  Temple: 110 daAuts
